 Dungeon Crawl Stone Soup version 0.29.1-2-gbd0b4ee654 (webtiles) character file.

Game seed: 6350164576206472990

85 GorkyZ the Covered (level 4, -1/28 HPs)
             Began as a Gargoyle Fighter on Nov 23, 2022.
             Slain by Terence
             ... wielding a +0 trident
              (10 damage)
             ... on level 2 of the Dungeon.
             The game lasted 00:04:11 (1441 turns).

GorkyZ the Covered (Gargoyle Fighter)               Turns: 1441, Time: 00:04:11

Health: -1/28      AC: 10    Str: 22    XL:     4   Next: 48%
Magic:  4/4        EV:  9    Int:  8    God:
Gold:   89         SH:  4    Dex:  9    Spells: 3/3 levels left

rFire   . . .      SeeInvis +   a - +0 war axe
rCold   . . .      Faith    .   c - +0 buckler
rNeg    + . .      Spirit   .   b - +0 scale mail
rPois   ∞          Reflect  .   (no helmet)
rElec   +          Harm     .   (no cloak)
rCorr   .          Rampage  .   (no gloves)
Will    .....                   (no boots)
Stlth   ..........              (no amulet)
HPRegen 0.09/turn               i - ring of see invisible
MPRegen 0.09/turn               (no ring)

@: no status effects
A: sickness immunity, AC +3, negative energy resistance 1, electricity
resistance, torment resistance 1, petrification resistance
a: no special abilities


You were on level 2 of the Dungeon.
You visited 1 branch of the dungeon, and saw 2 of its levels.

You collected 89 gold pieces.

Inventory:

Hand Weapons
 a - a +0 war axe (weapon)
Missiles
 j - 3 javelins
 k - a boomerang (quivered)
 p - 2 poisoned darts
Armour
 b - a +0 scale mail (worn)
 c - a +0 buckler (worn)
Jewellery
 i - a ring of see invisible (left hand)
Scrolls
 e - a scroll of brand weapon {unknown}
 f - 4 scrolls of identify {unknown}
 g - 2 scrolls of acquirement {unknown}
 m - a scroll of magic mapping {unknown}
 r - a scroll of vulnerability {unknown}
Potions
 d - a potion of might
 h - 3 potions of attraction {unknown}
 l - a potion of resistance
 n - a potion of curing {unknown}
 o - a potion of degeneration {unknown}
 q - a potion of flight {unknown}


   Skills:
 + Level 3.6 Fighting
 + Level 2.2 Axes
 + Level 1.2 Throwing
 + Level 3.7 Armour
 + Level 1.0 Dodging
 + Level 3.6 Shields
 + Level 1.0 Evocations


You had 3 spell levels left.
You didn't know any spells.
Your spell library contained the following spells:

 Spells                   Type           Power      Damage    Failure   Level
 Wereblood                Tmut           0%         N/A       91%         2
 Portal Projectile        Hex/Tloc       0%         N/A       99%         3
 Tukima's Dance           Hex            0%         N/A       99%         3
 Summon Ice Beast         Ice/Summ       0%         N/A       100%        4
 Blade Hands              Tmut           0%         N/A       100%        5
 Summon Mana Viper        Hex/Summ       0%         N/A       100%        5
 Monstrous Menagerie      Summ           0%         N/A       100%        7
 Summon Hydra             Summ           0%         N/A       100%        7
 Sublimation of Blood     Necr           Unusable   N/A       N/A         2

Dungeon Overview and Level Annotations

Branches:
Dungeon (2/15)

Altars:

Shops:
D:1 [   D:2 =([(

Annotations:
D:2 Sigmund, Terence


Innate Abilities, Weirdness & Mutations

You are immune to sickness and miasma.
Your stone body is resilient. (AC +3)
You are immune to poison.
You resist negative energy. (rN+)
You are resistant to electric shocks. (rElec)
You are resistant to unholy torment.
You are immune to petrification.


Message History

You throw a boomerang. The adder hisses angrily.
The boomerang hits Terence.
Terence is moderately wounded.
Sigmund the Dreaded comes into view.
He is wielding a +1 scythe of venom.
Terence says, "Don't bother to defend, it's useless."
Terence says, "Time to say good-bye..."
Sigmund gestures at you while chanting. The puff of flame misses you.
A rat comes into view.
You throw a boomerang. The boomerang hits Terence.
Terence is heavily wounded.
There is an entrance to Neqizxaofro's Antique Armour Boutique here.
Sigmund says, "Look into my eyes."
You throw a boomerang.
The boomerang hits Terence but does no damage.
Terence is heavily wounded.
Sigmund mumbles some strange words.
Sigmund flickers and vanishes for a moment.
The rat closely misses you.
Sigmund says, "Don't worry, I'll kill you fast."
Terence closely misses you.
You barely miss the rat. The rat closely misses you. Terence barely misses you.
The rat bites you but does no damage. Terence closely misses you.
You slash the rat!
You kill the rat!
You slash the adder!
You kill the adder!
Sigmund hits you but does no damage. Terence says, "How do you enjoy it?"
Terence hits you from afar with a +0 trident.
You see here an adder corpse.
You barely miss Sigmund.
Sigmund hits you with a +1 scythe of venom!
Terence hits you from afar with a +0 trident.
You hit Sigmund but do no damage.
Sigmund hits you with a +1 scythe of venom.
You block Terence's attack.
Terence hits you from afar with a +0 trident!
You die...

########....#######.##.......###
######.....|......##........#
#....)............##.......###
####....÷.#..........##..........
..........#..........##.......###
..........###.######.##.......#
..........# #.# #.####.#####
..........###.######.####.#
..........##..@@@.........#
........S.##...#####..#####
....###........# #...# ....#
#........# #.#'## ..###
#........# #.#..# ..# ######...#
##.#..# ..# #...####..#..#######
..# ####..†..##..##....# ..#
#.######..##....#


You could see Sigmund (invisible) and Terence.

Vanquished Creatures
  Jessica (D:2)
  An adder (D:2)
  2 dart slugs (D:1)
  4 endoplasms
  4 giant cockroaches (D:1)
  2 goblins (D:2)
  9 hobgoblins
  2 quokkas
  4 ball pythons
  4 bats (D:1)
  A frilled lizard (D:1)
  8 kobolds
  5 rats
47 creatures vanquished.

Notes
Turn   | Place    | Note
-------+----------+-------------------------------------------
     0 | D:1      | GorkyZ the Gargoyle Fighter began the quest for the Orb.
     0 | D:1      | Reached XP level 1. HP: 14/14 MP: 1/1
    95 | D:1      | Found Zexelosk's Armour Emporium.
   161 | D:1      | Reached XP level 2. HP: 18/19 MP: 2/2
   324 | D:1      | Reached XP level 3. HP: 15/23 MP: 3/3
   906 | D:2      | Reached skill level 1 in Throwing
  1085 | D:2      | Noticed Jessica
  1093 | D:2      | Killed Jessica
  1094 | D:2      | Reached skill level 1 in Dodging
  1094 | D:2      | Reached XP level 4. HP: 16/28 MP: 4/4
  1282 | D:2      | Reached skill level 1 in Evocations
  1330 | D:2      | Found Yrhes's Antique Weapon Shop.
  1337 | D:2      | Found Homn's Jewellery Emporium.
  1382 | D:2      | Found Neqizxaofro's Antique Armour Boutique.
  1392 | D:2      | Found Dimoatou's Weapon Shop.
  1404 | D:2      | Noticed Terence
  1406 | D:2      | Noticed Sigmund
  1441 | D:2      | Slain by Terence

Illustrated notes

Levels and vault maps discovered:
D:1:      tarquinn_simple_flora_water_b, layout_rooms, serial_shops,
          shop_fountains, minmay_box_of_dots
D:2:      minmay_chambers_of_twos, layout_basic, serial_shops, shop_fountains,
          shop, nicolae_shop_bloodbath_and_beyond, shop, shop, uniq_jessica,
          uniq_sigmund, uniq_terence

Skill      XL: |  1  2  3  4 |
---------------+-------------+-----
Axes           | 2 |  2.2
Throwing       | 1 |  1.2
Dodging        | 1 |  1.0
Evocations     | 1 |  1.0
Fighting       | |  3.6
Armour         | |  3.7
Shields        | |  3.6

Action                   |  1- 3 |  4- 6 || total
-------------------------+-------+-------++-------
Melee: War axe           |    77 |    15 ||    92
Throw: Boomerang         |     4 |     4 ||     8
Armor: Scale mail        |    45 |     9 ||    54
Dodge: Dodged            |    40 |    13 ||    53
Block: Buckler           |    17 |     4 ||    21
